Map: Romanticide LE

Players

GunGFuBanDa - Winner!

  • Race: Protoss Protoss
  • League: Grandmaster
  • Spawn Location: 5:00

MaxPax

  • Race: Protoss Protoss
  • League: Grandmaster
  • Spawn Location: 11:00

Event: DreamHack SC2 Masters 2020 Winter

VOD

Have the link to the VOD?

Description

Time

  • Played on: Oct. 23, 2020, 12:03 p.m.
  • Length: 15:27

All games in this series

Show
View Real Time Build Order
Export as new Build Order

GunGFuBanDa Protoss - Winner!

Build Orders: Phoenix Opening 

Get SALT Encoding   

  12  0:00  Probe  
  13  0:12  Probe  
  14  0:17  Pylon  
  14  0:24  Probe (Chrono Boost)  
  15  0:36  Gateway  
  15  0:37  Probe (Chrono Boost)  
  16  0:43  Probe (Chrono Boost)  
  16  0:46  Assimilator  
  17  0:51  Probe  
  17  0:54  Assimilator  
  18  1:03  Probe (Chrono Boost)  
  19  1:12  Gateway  
  19  1:14  Probe (Chrono Boost)  
  20  1:19  Probe (Chrono Boost)  
  21  1:26  Cybernetics Core  
  21  1:29  Probe  
  22  1:35  Pylon  
  22  1:41  Probe  
  23  1:53  Probe  
  24  2:03  Stalker x2  
  24  2:04  Warp Gate  
  28  2:09  Probe  
  28  2:12  Pylon  
  29  2:21  Probe  
  30  2:33  Stalker x2  
  34  2:54  Nexus  
  34  3:04  Sentry x2  
  38  3:07  Shield Battery  
  37  3:18  Probe  
  38  3:21  Twilight Council  
  38  3:34  Pylon  
  38  3:35  Probe  
  38  3:38  Shield Battery  
  37  3:52  Stalker x2  
  41  3:56  Probe  
  41  3:58  Phoenix  
  41  4:01  Blink (Chrono Boost)  
  38  4:08  Probe (Chrono Boost)  
  39  4:21  Probe (Chrono Boost)  
  41  4:25  Stalker  
  41  4:26  Stalker, Probe (Chrono Boost)  
  45  4:33  Probe (Chrono Boost)  
  45  4:38  Probe (Chrono Boost)  
  47  4:44  Probe (Chrono Boost)  
  48  4:50  Probe x2 (Chrono Boost)  
  48  4:52  Sentry  
  52  4:53  Shield Battery  
  52  4:56  Gateway  
  52  4:59  Shield Battery, Sentry  
  54  5:03  Pylon  
  54  5:13  Shield Battery  
  54  5:15  Stalker  
  56  5:23  Stalker  
  56  5:24  Probe x2  
  60  5:34  Assimilator  
  60  5:36  Probe  
  59  5:48  Stalker x2  
  61  5:50  Probe x2  
  61  5:52  Stalker  
  61  5:54  Pylon  
  65  6:02  Probe  
  56  6:11  Stalker  
  56  6:14  Stalker  
  56  6:17  Pylon  
  58  6:20  Stalker  
  58  6:21  Probe x2  
  61  6:31  Robotics Facility  
  60  6:34  Nexus  
  60  6:36  Pylon  
  60  6:41  Adept x2  
  60  6:45  Forge  
  64  6:48  Probe  
  64  6:50  Probe  
  64  6:54  Pylon  
  66  7:00  Probe  
  67  7:02  Probe  
  67  7:03  Protoss Ground Weapons Level 1 (Chrono Boost)  
  68  7:12  Probe  
  68  7:14  Probe  
  70  7:16  Gateway, Sentry x2  
  70  7:17  Gateway x2  
  74  7:29  Stalker  
  75  7:31  Probe x2  
  74  7:43  Observer  
  75  7:47  Probe x2 (Chrono Boost)  
  75  7:48  Probe (Chrono Boost)  
  76  7:58  Probe (Chrono Boost)  
  77  7:59  Probe x2 (Chrono Boost)  
  77  8:01  Stalker x2  
  77  8:02  Stalker  
  77  8:03  Probe (Chrono Boost)  
  82  8:06  Shield Battery  
  82  8:07  Shield Battery  
  82  8:08  Probe x2, Immortal (Chrono Boost)  
  88  8:14  Probe  
  88  8:16  Zealot  
  88  8:17  Zealot  
  88  8:19  Stalker  
  95  8:27  Shield Battery  
  95  8:29  Shield Battery  
  95  8:33  Stalker x2, Zealot  
  101  8:40  Shield Battery  
  98  8:59  Zealot  
  98  9:01  Probe  
  101  9:03  Pylon  
  101  9:06  Zealot x3  
  97  9:12  Stalker x2  
  97  9:13  Probe, Protoss Ground Weapons Level 2 (Chrono Boost)  
  97  9:14  Probe  
  95  9:17  Pylon  
  87  9:25  Warp Prism (Chrono Boost)  
  87  9:26  Zealot x3  
  87  9:28  Probe x2  
  87  9:29  Charge (Chrono Boost), Probe  
  96  9:40  Probe x2  
  98  9:47  Probe  
  98  9:52  Probe x2  
  100  9:54  Sentry  
  100  9:57  Assimilator  
  100  9:59  Photon Cannon, Probe  
  103  10:00  Assimilator  
  103  10:01  Photon Cannon, Pylon  
  103  10:03  Photon Cannon  
  103  10:04  Probe  
  104  10:07  Pylon  
  104  10:12  Assimilator  
  104  10:21  Gateway  
  104  10:23  Warp Prism, Pylon  
  104  10:25  Gateway  
  104  10:26  Nexus  
  104  10:28  Templar Archives  
  106  10:41  Probe x2  
  108  10:43  Probe  
  108  10:47  Zealot x4  
  108  10:48  Zealot  
  119  10:51  Zealot  
  121  10:57  Photon Cannon  
  121  11:00  Observer  
  121  11:03  Probe x2  
  124  11:08  Zealot x4  
  132  11:12  Probe  
  132  11:15  Probe  
  132  11:21  High Templar x3  
  132  11:22  High Templar  
  132  11:25  Archon x2, Dark Shrine  
  140  11:33  Protoss Ground Weapons Level 3 (Chrono Boost)  
  140  11:35  Pylon x2  
  128  11:51  Probe  
  128  11:53  Observer (Chrono Boost)  
  112  11:56  Stalker x7  
  116  12:11  Immortal (Chrono Boost)  
  116  12:14  Zealot, Probe  
  119  12:19  Gateway  
  119  12:20  Gateway  
  119  12:28  Photon Cannon, Shield Battery, Sentry  
  119  12:29  Zealot x5  
  131  12:35  Shadow Stride (Chrono Boost)  
  131  12:40  Warp Prism (Chrono Boost)  
  132  12:53  Stalker x8  
  146  13:06  Warp Prism (Chrono Boost)  
  146  13:11  Nexus  
  144  13:26  Stalker x7  
  151  13:40  Dark Templar  
  149  13:45  Dark Templar  
  145  13:48  Dark Templar  
  145  13:51  Dark Templar  
  137  14:06  Nexus  
  135  14:17  Pylon  
  135  14:43  Probe  
  135  14:44  Zealot x4  
  142  14:53  Stalker x6  
  142  14:56  Probe  
  142  14:58  Observer  
  128  15:15  Zealot x3  
  128  15:16  Zealot x3  
  128  15:20  Zealot x3  
Show
View Real Time Build Order
Export as new Build Order

MaxPax Protoss 

Build Orders: Colossus Rush 

Get SALT Encoding   

  12  0:00  Probe  
  13  0:12  Probe  
  14  0:16  Pylon  
  14  0:24  Probe (Chrono Boost)  
  15  0:36  Probe (Chrono Boost)  
  15  0:39  Gateway  
  16  0:43  Probe (Chrono Boost)  
  16  0:45  Assimilator  
  17  0:50  Probe  
  17  0:53  Assimilator  
  18  1:03  Probe (Chrono Boost)  
  19  1:06  Gateway  
  19  1:13  Probe (Chrono Boost)  
  19  1:18  Probe (Chrono Boost)  
  21  1:27  Cybernetics Core  
  21  1:29  Probe  
  22  1:36  Pylon  
  22  1:41  Probe  
  23  1:54  Probe  
  24  2:03  Adept x2  
  24  2:07  Warp Gate (Chrono Boost), Probe  
  24  2:08  Pylon  
  29  2:33  Adept x2  
  32  2:45  Nexus  
  32  2:50  Shield Battery  
  32  3:01  Shield Battery  
  32  3:03  Adept  
  32  3:04  Adept  
  36  3:08  Probe  
  37  3:20  Robotics Facility  
  37  3:22  Probe  
  35  3:34  Probe  
  36  3:46  Probe  
  35  3:48  Sentry  
  35  3:49  Sentry  
  39  3:56  Gateway  
  39  3:57  Stalker x2  
  39  3:58  Probe  
  38  4:05  Immortal (Chrono Boost)  
  41  4:11  Probe  
  41  4:12  Sentry  
  44  4:19  Shield Battery, Sentry  
  43  4:33  Warp Prism (Chrono Boost)  
  45  4:41  Sentry  
  45  4:42  Colossus (Chrono Boost), Sentry  
  45  4:45  Pylon  
  49  4:48  Probe x2  
  49  4:51  Adept  
  51  5:00  Pylon  
  51  5:04  Probe  
  51  5:05  Adept  
  51  5:06  Adept  
  56  5:12  Adept  
  56  5:14  Pylon  
  58  5:29  Adept x2  
  60  5:37  Immortal (Chrono Boost)  
  60  5:47  Probe  
  61  5:50  Adept x3  
  61  5:51  Probe  
  68  5:59  Probe  
  67  6:04  Twilight Council  
  67  6:06  Probe  
  68  6:13  Probe  
  68  6:18  Adept x3  
  73  6:19  Probe  
  73  6:25  Probe  
  73  6:29  Assimilator  
  73  6:31  Probe  
  66  6:35  Blink (Chrono Boost)  
  64  6:41  Shield Battery  
  64  6:44  Probe  
  65  6:48  Gateway  
  65  6:50  Adept  
  65  6:51  Adept  
  69  6:57  Probe  
  69  6:59  Stalker, Shield Battery  
  69  7:00  Probe  
  71  7:09  Probe  
  72  7:16  Shield Battery  
  72  7:17  Gateway  
  72  7:18  Stalker x2  
  72  7:19  Pylon  
  72  7:20  Warp Prism (Chrono Boost)  
  78  7:38  Shield Battery  
  78  7:41  Pylon  
  78  7:42  Pylon  
  74  7:44  Stalker x3  
  74  7:49  Stalker  
  74  7:50  Observer  
  83  7:51  Immortal  
  83  8:12  Stalker x4  
  91  8:14  Stalker  
  93  8:23  Pylon  
  93  8:42  Stalker x3  
  97  8:57  Observer  
  97  8:58  Stalker x2  
  99  9:07  Stalker  
  99  9:08  Stalker  
  91  9:14  Stalker  
  69  9:30  Nexus  
  67  9:31  Probe  
  67  9:32  Probe  
  67  9:34  Assimilator  
  67  9:36  Stalker x3  
  75  9:44  Probe x2  
  77  9:54  Robotics Bay  
  77  9:56  Shield Battery, Probe x2 (Chrono Boost)  
  77  10:02  Stalker  
  77  10:06  Stalker  
  81  10:08  Probe x2 (Chrono Boost)  
  81  10:11  Stalker  
  85  10:17  Probe x2 (Chrono Boost)  
  87  10:22  Probe  
  87  10:27  Probe  
  87  10:28  Forge  
  89  10:34  Probe  
  90  10:38  Disruptor (Chrono Boost), Robotics Facility  
  90  10:42  Probe  
  95  10:45  Stalker  
  95  10:48  Stalker  
  98  10:52  Stalker  
  98  10:56  Assimilator  
  100  11:04  Photon Cannon, Disruptor (Chrono Boost)  
  98  11:09  Stalker  
  103  11:12  Zealot x2  
  107  11:20  Photon Cannon  
  107  11:22  Assimilator  
  107  11:25  Pylon  
  107  11:29  Disruptor (Chrono Boost)  
  107  11:31  Stalker  
  110  11:35  Stalker x3  
  104  11:51  Stalker  
  104  11:52  Probe  
  98  11:57  Probe  
  98  11:58  Disruptor (Chrono Boost)  
  89  12:04  Stalker x2  
  89  12:06  Probe (Chrono Boost)  
  89  12:07  Probe (Chrono Boost)  
  90  12:09  Probe (Chrono Boost)  
  89  12:17  Adept  
  89  12:18  Probe x2 (Chrono Boost)  
  89  12:19  Probe (Chrono Boost)  
  94  12:23  Probe x2 (Chrono Boost)  
  94  12:24  Probe (Chrono Boost)  
  100  12:31  Disruptor (Chrono Boost)  
  100  12:32  Stalker, Probe  
  100  12:33  Probe  
  100  12:35  Disruptor (Chrono Boost), Probe  
  108  12:44  Stalker x2  
  110  12:48  Stalker  
  112  12:57  Stalker x2  
  117  13:02  Protoss Ground Weapons Level 1 (Chrono Boost), Observer (Chrono Boost)  
  117  13:08  Probe x2  
  117  13:09  Disruptor (Chrono Boost)  
  113  13:23  Stalker x4  
  74  14:12  Pylon  
  74  14:13  Pylon  
  74  14:15  Pylon x2  
  74  14:32  Observer  
  73  14:50  Stalker x3  
  79  14:53  Observer (Chrono Boost)  
  70  15:08  Observer (Chrono Boost)  
  59  15:17  Stalker  
Tags
 
Add a new tag
Caveats
  • Supply blocks, unpowered buildings, or Contaminate may cause inaccurate times.
  • Supply counts are checked every 10 seconds.